 Dungeon Crawl Stone Soup version 0.17-a0-2108-g65e8068 (webtiles) character file.

287 Kromin the Cleaver (level 6, -2/78 HPs)
             Began as a Minotaur Berserker on Oct 19, 2015.
             Was a Priest of Trog.
             Slain by Kromin's ghost (8 damage)
             ... in a sewer.
             The game lasted 00:04:34 (2342 turns).

Kromin the Cleaver (Minotaur Berserker)             Turns: 2342, Time: 00:04:34

Health: -2/78      AC:  6    Str: 29    XL:     6   Next: 8%
Magic:  5/5        EV: 10    Int:  4    God:    Trog [***...]
Gold:   85         SH:  0    Dex:  9    Spells: 0 memorised, 5 levels left

rFire  . . .     SeeInvis .     a - +0 hand axe
rCold  . . .     Clarity  .     k - +0 scale mail
rNeg   . . .     SustAt   .     (no shield)
rPois  .         Gourm    .     (helmet restricted)
rElec  .         Spirit   .     (no cloak)
rCorr  .         Warding  .     (no gloves)
rMut   .         Stasis   .     (no boots)
MR     .....                    d - amulet of regeneration
Stlth  ..........               (no ring)
                                (no ring)

@: berserking, very quick, not resistant to hostile enchantments, extremely
unstealthy
A: retaliatory headbutt, horns 2
a: Berserk, Trog's Hand, Burn Spellbooks, Renounce Religion


You were in a sewer.
You worshipped Trog.
Trog was most pleased with you.
You were hungry.

You visited 1 branch of the dungeon, and saw 3 of its levels.
You also visited: Sewer.

You collected 85 gold pieces.

Inventory:

Hand Weapons
 a - a +0 hand axe (weapon)
Armour
 b - a +0 animal skin
 k - a +0 scale mail (worn)
Jewellery
 d - an amulet of regeneration (around neck)
Scrolls
 g - 2 scrolls of identify {unknown}
 m - a scroll of enchant weapon {unknown}
 p - a scroll of teleportation {unknown}
 q - a scroll of amnesia {unknown}
Potions
 e - 2 potions of curing {unknown}
 f - a potion of haste {unknown}
 h - a potion of ambrosia {unknown}
 i - 2 potions of cancellation {unknown}
 l - 2 potions of heal wounds {unknown}
 o - a potion of lignification {unknown}
Books
 n - a book of Minor Magic

   Spells                             Type                      Level
   a - Magic Dart                     Conjuration                  1
   b - Blink                          Translocation                2
   c - Call Imp                       Summoning                    2
   d - Repel Missiles                 Charms/Air                   2
   e - Slow                           Hexes                        2
   f - Conjure Flame                  Conjuration/Fire             3
   g - Mephitic Cloud                 Conjuration/Poison/Air       3
   Trog disapproves of the use of such an item.
Comestibles
 c - 2 bread rations
 j - a beef jerky


   Skills:
 - Level 3.8 Fighting
 + Level 8.1 Axes
 - Level 2.6 Armour
 - Level 2.1 Dodging


You had 5 spell levels left.
You didn't know any spells.

Dungeon Overview and Level Annotations

Branches:
Dungeon (3/15)

Altars:
Ashenzari
Elyvilon
Sif Muna

Annotations:
Sewer Kromin's ghost, amateur MiBe


Innate Abilities, Weirdness & Mutations

You reflexively headbutt those who attack you in melee.
You have a pair of horns on your head.


Message History

You kill the bat!
Trog accepts your kill. Kromin's ghost hits you!
* * * LOW HITPOINT WARNING * * *
You closely miss Kromin's ghost. You headbutt Kromin's ghost!!
Kromin's ghost is almost destroyed.
You completely miss Kromin's ghost.
Kromin's ghost is almost destroyed.
Kromin's ghost barely misses you.
Your unstable footing causes you to fumble your attack.
Kromin's ghost hits you!
* * * LOW HITPOINT WARNING * * *
Your unstable footing causes you to fumble your attack.
Your unstable footing causes you to fumble your attack.
Kromin's ghost says, "Try not to bleed too much."
Kromin's ghost hits you but does no damage.
Your unstable footing causes you to fumble your attack.
Your unstable footing causes you to fumble your attack.
Kromin's ghost hits you!
You die...

######### ≈≈≈≈≈≈≈
≈≈≈≈≈≈≈ ≈≈≈≈≈. #
#≈≈≈#
..#########≈≈≈#
.≈≈..≈≈≈≈≈≈≈≈.#
.≈≈≈≈≈≈≈≈≈≈≈≈≈#
.≈.≈≈≈≈@W≈≈≈≈≈#
...########≈≈≈#
#≈≈.# ##≈≈≈# ####
#≈≈≈≈# ###∩.###
####≈≈≈#
#......####..≈≈≈≈#
#....∩.....≈≈≈≈≈≈#
#..†......†≈≈.≈≈≈#


You could see Kromin's ghost.

Vanquished Creatures
  Sigmund (D:3)
  3 adders
  A river rat (D:3)
  2 oozes
  5 worms
  10 bats
  5 giant cockroaches
  8 goblins
  7 hobgoblins
  A quokka (D:3)
  4 ball pythons
  4 giant geckos
  5 giant newts
  4 jackals
  7 kobolds
  12 rats
79 creatures vanquished.

Notes
Turn   | Place    | Note
--------------------------------------------------------------
     0 | D:1      | Kromin the Minotaur Berserker began the quest for the Orb.
     0 | D:1      | Reached XP level 1. HP: 19/19 MP: 0/0
   420 | D:1      | Reached skill level 4 in Axes
   420 | D:1      | Reached XP level 2. HP: 24/27 MP: 1/1
  1036 | D:2      | Found a shattered altar of Ashenzari.
  1047 | D:2      | Reached XP level 3. HP: 31/33 MP: 2/2
  1094 | D:2      | Reached ** piety under Trog
  1094 | D:2      | Reached skill level 5 in Axes
  1683 | D:2      | Reached XP level 4. HP: 40/40 MP: 3/3
  1813 | D:2      | Found a white marble altar of Elyvilon.
  1814 | D:2      | Found a deep blue altar of Sif Muna.
  2040 | D:3      | Noticed Sigmund
  2055 | D:3      | Killed Sigmund
  2055 | D:3      | Reached skill level 7 in Axes
  2055 | D:3      | Reached XP level 5. HP: 46/46 MP: 4/4
  2124 | D:3      | Reached *** piety under Trog
  2224 | D:3      | Reached XP level 6. HP: 47/52 MP: 5/5
  2241 | D:3      | Reached skill level 8 in Axes
  2291 | D:3      | Found a glowing drain.
  2295 | Sewer    | Entered a sewer
  2320 | Sewer    | Noticed Kromin's ghost (amateur MiBe)
  2342 | Sewer    | Slain by Kromin's ghost

Vault maps used:
D:1:      lemuel_arrival_tunnels, minmay_misc_feat_more_columns,
          serial_bayou_pond_b
D:2:      gammafunk_temple_overflow_pools, ashenzari_conservatory_becter,
          kennysheep_minor_cross
D:3:      gup_sewer_entry_bowl, uniq_sigmund
Sewer:    sewer_fruit_machine

Action                   |  1- 3 |  4- 6 || total
-------------------------+-------+-------++-------
Melee: Hand axe          |    78 |   105 ||   183
Invok: Berserk           |       |     2 ||     2
  Eat: Chunk             |     2 |     2 ||     4
       Beef jerky        |       |     1 ||     1
